 Dungeon Crawl Stone Soup version 0.31.0-11-ge490571c62 (webtiles) character file.

Game seed: 7142871668472592275

233 hawla the Cleaver (level 6, 0/52 HPs)
             Began as a Hill Orc Monk on Jan 28, 2024.
             Slain by a rat (3 damage)
             ... summoned by Eustachio
             ... on level 4 of the Dungeon.
             The game lasted 00:04:15 (2580 turns).

hawla the Cleaver (Hill Orc Monk)                   Turns: 2580, Time: 00:04:16

Health: 0/52       AC:  7    Str: 16    XL:     6   Next: 4%
Magic:  6/6        EV: 11    Int: 10    God:
Gold:   105        SH:  0    Dex: 13    Spells: 5/5 levels left

rFire   . . .        a - +0 hand axe
rCold   + . .        d - orb {light}
rNeg    . . .        i - +1 ring mail
rPois   .            f - +0 helmet
rElec   .            (no cloak)
rCorr   .            (no gloves)
SInv    .            (no boots)
Will    .....        h - amulet of the acrobat
Stlth   +            l - ring of protection from cold
HPRegen 0.28/turn    (no ring)
MPRegen 0.10/turn

%: acrobat
@: glowing
A: no striking features
a: no special abilities


You were on level 4 of the Dungeon.
You visited 1 branch of the dungeon, and saw 4 of its levels.

You collected 105 gold pieces.

Inventory:

Hand Weapons
 a - a +0 hand axe (weapon)
Armour
 d - an orb of light (worn)
 f - a +0 helmet (worn)
 i - a +1 ring mail (worn)
Jewellery
 h - an amulet of the acrobat (around neck)
 j - an amulet of magic regeneration
 l - a ring of protection from cold (left hand)
Potions
 b - a potion of cancellation
 c - a potion of ambrosia
 g - a potion of attraction


   Skills:
 - Level 3.8 Fighting
 + Level 8.4 Axes
 - Level 2.5 Dodging


You had 5 spell levels left.
You didn't know any spells.
Your spell library contained the following spells:

 Spells                   Type           Power      Damage    Failure   Level
 Iskenderun's Battlesphe  Conj           0%         2d6       100%        5
 Bombard                  Conj/Erth      0%         9d1       100%        6
 Spellforged Servitor     Conj/Summ      0%         N/A       100%        7


Dungeon Overview and Level Annotations

Branches:
Dungeon (4/15)
 Temple: D:4-7

Altars:

Annotations:
D:4 2 transporters, Eustachio


Message History

A kobold comes into view.
It is wielding a +0 short sword and quivering poisoned darts.
You completely miss Eustachio.
Eustachio is lightly wounded.
The kobold shouts!
You hit the river rat but do no damage. You completely miss the crimson imp.
The crimson imp closely misses you. The river rat bites you.
Eustachio hits you with a +0 rapier.
* * * LOW HITPOINT WARNING * * *
It was a potion of curing.
You feel better. The crimson imp barely misses you. The river rat bites you.
The phantom barely misses you. Eustachio misses you.
The dart slug barely misses you.
You barely miss Eustachio.
Eustachio is lightly wounded.
You slash the river rat!
You hit the crimson imp but do no damage.
You hit the phantom but do no damage. You hit the dart slug but do no damage.
The crimson imp barely misses you. The river rat bites you!
* * * LOW HITPOINT WARNING * * *
Eustachio casts a spell.
Eustachio blinks!
The phantom closely misses you.
An orc comes into view. It is wielding a +0 club.
The orc shouts!
You slash the phantom!
The phantom is moderately damaged.
You closely miss the crimson imp. You hit the dart slug but do no damage.
You hit the rat. You hit the river rat but do no damage.
The rat closely misses you. The dart slug launches a dart at you.
The slug dart hits you.
* * * LOW HITPOINT WARNING * * *
The crimson imp closely misses you.
The river rat bites you but does no damage.
The phantom hits you.
* * * LOW HITPOINT WARNING * * *
You slash the phantom!
The phantom is heavily damaged.
You hit the dart slug. You completely miss the rat.
You hit the river rat but do no damage. You closely miss the crimson imp.
You hit Eustachio but do no damage. The rat bites you.
You die...

...... # #...... .#
#....... ..
..########(.....# #..
#...............# ###..#
........).###..###..?..#
#.....)...##......>.....
##........##...r.@......
................@W......
...............r5w......
...#####................
##.....#..$....)...K....
######..................
........#...............
......#......!........o.
......#..............!..
.......................#


You could see Eustachio, a phantom, a crimson imp (summoned), a river rat
(summoned), a dart slug, an orc, a kobold and a rat (summoned).

Vanquished Creatures
  A black bear (D:4)
  A hound (D:4)
  A sleepcap (D:4)
  4 adders
  4 dart slugs
  6 orcs (D:3)
  5 endoplasms
  4 hobgoblins
  A ball python (D:3)
  7 bats
  2 frilled lizards (D:1)
  5 goblins
  A kobold (D:3)
  2 rats
44 creatures vanquished.

Notes
Turn   | Place    | Note
-------+----------+-------------------------------------------
     0 | D:1      | hawla the Hill Orc Monk began the quest for the Orb.
     0 | D:1      | Reached XP level 1. HP: 19/19 MP: 1/1
   174 | D:1      | Reached XP level 2. HP: 27/27 MP: 2/2
  1196 | D:2      | Reached skill level 5 in Axes
  1531 | D:2      | Reached XP level 3. HP: 33/33 MP: 3/3
  1921 | D:3      | Found a glowing drain.
  1945 | D:3      | Reached skill level 6 in Axes
  1945 | D:3      | Reached XP level 4. HP: 31/40 MP: 4/4
  2287 | D:4      | Noticed a black bear
  2296 | D:4      | Killed a black bear
  2297 | D:4      | Reached skill level 7 in Axes
  2297 | D:4      | Reached XP level 5. HP: 18/46 MP: 5/5
  2403 | D:4      | Found a transporter.
  2409 | D:4      | Found a transporter.
  2441 | D:4      | Reached skill level 8 in Axes
  2449 | D:4      | Reached XP level 6. HP: 23/52 MP: 6/6
  2553 | D:4      | Noticed Eustachio
  2580 | D:4      | Slain by a rat

Illustrated notes

Levels and vault maps discovered:
D:1:      minmay_arrival_three_doors, layout_basic
D:2:      layout_basic
D:3:      layout_basic, gup_sewer_entry_glass
D:4:      gammafunk_steamed_eel, layout_rooms, uniq_eustachio, uniq_duvessa

Skill      XL: |  1  2  3  4  5 |
---------------+----------------+-----
Axes           | 5 6 7 8 |  8.4
Fighting       | |  3.8
Dodging        | |  2.5

Action                     |  1- 3 |  4- 6 || total
---------------------------+-------+-------++-------
  Melee: Hand axe          |    78 |    61 ||   139
    Use: Scroll            |     5 |     1 ||     6
         Potion            |       |     1 ||     1
 Armour: Robe              |    12 |       ||    12
         Ring mail         |    28 |    63 ||    91
  Dodge: Dodged            |    58 |    72 ||   130
